 Dungeon Crawl Stone Soup version 0.20-a0-1074-g6a0a8e1 (console) character file.

12061 skyler the Cruncher (level 11, -3/67 HPs)
             Began as a Gargoyle Fighter on Apr 29, 2017.
             Was a High Priest of Okawaru.
             Killed from afar by a molten gargoyle (22 damage)
             ... with a bolt of magma
             ... on level 11 of the Dungeon.
             The game lasted 00:22:45 (9632 turns).

skyler the Cruncher (Gargoyle Fighter)              Turns: 9632, Time: 00:22:46

Health: -3/67      AC: 27    Str: 26    XL:     11   Next: 87%
Magic:  17/17      EV: 12    Int:  8    God:    Okawaru [*****.]
Gold:   500        SH:  0    Dex:  9    Spells: 10/10 levels left

rFire    . . .     SeeInvis .   d - +2 quarterstaff (chaos)
rCold    . . .     Gourm    .   (shield currently unavailable)
rNeg     + . .     Faith    .   F - +3 scale mail
rPois    ∞         Spirit   .   B - +2 helmet
rElec    +         Reflect  .   h - +0 cloak
rCorr    .         Harm     +   i - +0 pair of gloves
MR       .....                  O - +0 pair of boots {run}
Stlth    ..........             N - amulet of harm
Regen    0.3/turn               u - +2 ring of strength
MPRegen  0.2/turn               z - +2 ring of protection

@: quick
A: negative energy resistance 1, electricity resistance, unbreathing,
petrification resistance, rot immunity, AC +7
a: Heroism, Finesse, Renounce Religion


You were on level 11 of the Dungeon.
You worshipped Okawaru.
Okawaru was extremely pleased with you.
You were very hungry.

You visited 2 branches of the dungeon, and saw 12 of its levels.

You collected 500 gold pieces.

Inventory:

Hand Weapons
 d - a +2 quarterstaff of chaos (weapon)
 s - a +1 falchion of distortion
Missiles
 C - 7 silver tomahawks (quivered)
Armour
 c - a +0 shield
 h - a +0 cloak (worn)
 i - a +0 pair of gloves (worn)
 B - a +2 helmet (worn)
 F - a +3 scale mail (worn)
 O - a +0 pair of boots of running (worn)
Magical Staves
 o - an uncursed staff of fire
Jewellery
 u - a +2 ring of strength (left hand)
 x - an uncursed ring of wizardry
 z - a +2 ring of protection (right hand)
 D - an uncursed ring of positive energy
 N - an amulet of harm (around neck)
Wands
 b - a wand of confusion (6/48)
 I - a wand of flame (29/48)
 L - a wand of confusion (28/48)
 P - a wand of flame (19/48)
 U - a wand of random effects (19/48)
Scrolls
 a - 7 scrolls of remove curse
 j - 2 scrolls of amnesia
 m - 5 scrolls of teleportation
 q - 12 scrolls of identify
 y - a scroll of silence
 H - a scroll of fog
 K - a scroll of enchant armour {unknown}
 S - a scroll of enchant weapon {unknown}
 T - a scroll of brand weapon {unknown}
 V - a scroll of fear {unknown}
Potions
 e - 6 potions of agility
 k - 2 potions of haste
 l - 4 potions of flight
 n - a potion of ambrosia {unknown}
 p - a potion of heal wounds {unknown}
 r - 3 potions of curing {unknown}
 t - a potion of invisibility {unknown}
 v - a potion of lignification {unknown}
 w - a potion of berserk rage {unknown}
 G - a potion of resistance {unknown}
 J - a potion of degeneration {unknown}
 Q - 3 potions of magic {unknown}
 R - a potion of mutation {unknown}
Books
 E - a book of Minor Magic

   Spells                             Type                      Level
   a - Magic Dart                     Conjuration                  1
   b - Blink                          Translocation                2
   c - Call Imp                       Summoning                    2
   d - Slow                           Hexes                        2
   e - Conjure Flame                  Conjuration/Fire             3
   f - Mephitic Cloud                 Conjuration/Poison/Air       3
Comestibles
 f - 10 bread rations
 g - 8 meat rations
 A - 7 royal jellies
 M - 3 fruits


   Skills:
 + Level 7.2 Fighting
   Level 3.7(8.8) Maces & Flails
 * Level 12.1(12.3) Staves
 + Level 7.7 Armour
 + Level 5.0 Dodging
 - Level 4.1 Shields
 * Level 8.8 Invocations


You had 10 spell levels left.
You didn't know any spells.

Dungeon Overview and Level Annotations

Branches:
Dungeon (11/15)            Temple (1/1) D:5            Lair (0/6) D:10
    Orc: D:9-12

Altars:
Cheibriados
Dithmenos
Elyvilon
Fedhas
Gozag
Hepliaklqana
Kikubaaqudgha
Makhleb
Okawaru
Qazlal
Sif Muna
Trog
Vehumet
Wu Jian
Xom
Yredelemnul
Zin

Shops:
D:4 (   D:8 %


Innate Abilities, Weirdness & Mutations

You are resistant to torment.
Your stone body is resilient. (AC +7)
You are immune to poison.
You resist negative energy. (rN+)
You are resistant to electric shocks. (rElec)
You can survive without breathing.
You are immune to petrification.
You are immune to rotting.


Message History

The molten gargoyle blasts magma at you!
The bolt of magma hits you!
The molten gargoyle blasts magma at you!
The bolt of magma misses you.
The molten gargoyle blasts magma at you!
The bolt of magma misses you.
The molten gargoyle blasts magma at you!
The bolt of magma hits you!
You hit the molten gargoyle. You freeze the molten gargoyle.
The molten gargoyle is almost destroyed.
The molten gargoyle hits you with a mace.
You are engulfed in flames!
* * * LOW HITPOINT WARNING * * *
You sock the molten gargoyle!
You destroy the molten gargoyle!
Okawaru accepts your kill.
Your Dodging skill increases to level 5!
The molten gargoyle blasts magma at you!
The bolt of magma hits you!
You die...

#....>...# ####'#####
#..#### ###### ##....#
.#.#.#.### ########'##
#.#.#.#..# #......)))#
.≈.≈...#.# #.........#
≈§≈9≈.#..########.....<...#
≈§≈≈≈§.#99)@....'.........#
#..########.........#
§≈..#.# #.........#
§§≈.#..# #........[#
≈§≈≈..#.# ###########
.≈)..#..# #.#.# ### .#.# ##


You could see 2 molten gargoyles.

Vanquished Creatures
  2 two-headed ogres
  The ghost of Willow the Basher, a novice GrMo of Okawaru (D:8)
  Pikel (D:4)
  The ghost of Willow the Nimble, a novice SpMo of Yredelemnul (D:7)
  A manticore (D:11)
  A molten gargoyle (D:11)
  3 hornets
  A hippogriff (D:9)
  Sigmund (D:5)
  A spriggan (D:7)
  14 yaks
  A wyvern (D:9)
  Grum (D:8)
  2 hungry ghosts
  Menkaure (D:5)
  A soldier ant (D:11)
  2 hell hounds (D:10)
  2 ice beasts
  3 orc warriors
  A hornet zombie (D:7)
  2 phantoms
  2 sky beasts (D:9)
  4 slaves (D:4)
  4 ogres
  2 centaurs
  3 wolves (D:8)
  2 big kobolds
  7 bullfrogs
  A water moccasin zombie (D:6)
  A wyvern zombie (D:11)
  A wyvern skeleton (D:10)
  A scorpion (D:5)
  19 wights
  2 howler monkeys (D:8)
  A crimson imp (D:5)
  Crazy Yiuf (D:3)
  5 hounds
  A bullfrog skeleton (D:11)
  6 orc priests
  2 jellies
  10 orc wizards
  A centaur skeleton (D:6)
  Jessica (D:3)
  Terence (D:2)
  2 iguanas
  3 worker ants
  2 hound skeletons
  2 worker ant zombies
  11 gnolls
  10 adders
  2 shadow imps
  An adder zombie (D:5)
  An adder skeleton (D:4)
  5 worms
  A dart slug (D:1)
  6 leopard geckos
  42 orcs
  A ball python (D:3)
  5 giant cockroaches
  8 goblins
  7 hobgoblins
  11 jackals
  5 quokkas
  4 bats
  A frilled lizard (D:1)
  8 kobolds
  4 rats
263 creatures vanquished.

Vanquished Creatures (others)
  An orc warrior (D:8)
  An ogre (D:4)
  An orc wizard (D:3)
  A worm (D:2)
  3 orcs (D:3)
7 creatures vanquished.

Grand Total: 270 creatures vanquished

Notes
Turn   | Place    | Note
-------+----------+-------------------------------------------
     0 | D:1      | skyler the Gargoyle Fighter began the quest for the Orb.
     0 | D:1      | Reached XP level 1. HP: 14/14 MP: 1/1
   307 | D:1      | Reached XP level 2. HP: 19/19 MP: 2/2
   391 | D:1      | Reached skill level 1 in Dodging
   760 | D:1      | Reached XP level 3. HP: 23/23 MP: 3/3
  1377 | D:2      | Reached XP level 4. HP: 21/28 MP: 4/4
  1408 | D:2      | Noticed Terence
  1423 | D:2      | Killed Terence
  1664 | D:2      | Reached XP level 5. HP: 31/33 MP: 5/5
  2093 | D:3      | Found a runed door.
  2187 | D:3      | Noticed Crazy Yiuf
  2191 | D:3      | Killed Crazy Yiuf
  2471 | D:3      | Reached skill level 1 in Staves
  2602 | D:3      | Found a stormy altar of Qazlal.
  2990 | D:3      | Reached XP level 6. HP: 38/38 MP: 6/6
  3004 | D:3      | Noticed Jessica
  3013 | D:3      | Killed Jessica
  3013 | D:3      | Reached skill level 2 in Staves
  3195 | D:4      | Reached skill level 3 in Staves
  3441 | D:4      | Found a stormy altar of Qazlal.
  3444 | D:4      | Found a blossoming altar of Fedhas.
  3445 | D:4      | Found a shimmering altar of Xom.
  3546 | D:4      | Noticed Pikel
  3546 | D:4      | Noticed a slave
  3547 | D:4      | Noticed a slave
  3547 | D:4      | Noticed a slave
  3548 | D:4      | Noticed a slave
  3599 | D:4      | Killed a slave
  3603 | D:4      | Killed a slave
  3605 | D:4      | Killed a slave
  3610 | D:4      | Killed a slave
  3707 | D:4      | Killed Pikel
  3707 | D:4      | Reached skill level 6 in Staves
  3707 | D:4      | Reached XP level 7. HP: 43/43 MP: 7/7
  3792 | D:4      | Found Usmap's Weapon Boutique.
  3986 | D:4      | Reached XP level 8. HP: 48/48 MP: 8/8
  4027 | D:4      | Reached skill level 7 in Staves
  4110 | D:5      | Entered Level 5 of the Dungeon
  4209 | D:5      | Found a staircase to the Ecumenical Temple.
  4227 | D:5      | Reached skill level 8 in Staves
  4394 | D:5      | Found a deep blue altar of Sif Muna.
  4564 | D:5      | Noticed Sigmund
  4572 | D:5      | Killed Sigmund
  4572 | D:5      | Reached skill level 9 in Staves
  4637 | Temple   | Entered the Ecumenical Temple
  4732 | Temple   | Became a worshipper of Warmaster Okawaru
  4859 | D:5      | Noticed Menkaure
  4866 | D:5      | Killed Menkaure
  4866 | D:5      | Reached XP level 9. HP: 52/52 MP: 9/9
  4878 | D:5      | Found a shadowy altar of Dithmenos.
  5270 | D:6      | Reached skill level 1 in Invocations
  5291 | D:6      | Found an opulent altar of Gozag.
  5741 | D:7      | Noticed Willow's ghost (novice SpMo)
  5759 | D:7      | Killed Willow's ghost
  5759 | D:7      | Reached * piety under Okawaru
  5759 | D:7      | Reached skill level 10 in Staves
  5918 | D:7      | Reached skill level 5 in Armour
  6162 | D:7      | Found a radiant altar of Vehumet.
  6204 | D:7      | Reached ** piety under Okawaru
  6508 | D:7      | Reached XP level 10. HP: 52/58 MP: 13/13
  6537 | D:8      | Reached skill level 5 in Fighting
  6680 | D:8      | Noticed Willow's ghost (novice GrMo)
  7128 | D:8      | Killed Willow's ghost
  7128 | D:8      | Reached *** piety under Okawaru
  7128 | D:8      | Reached skill level 5 in Invocations
  7238 | D:8      | Found Suuroed's Food Shoppe.
  7255 | D:8      | Found a basalt altar of Yredelemnul.
  7287 | D:8      | Noticed Grum
  7318 | D:8      | Killed Grum
  7575 | D:8      | Found a bloodstained altar of Trog.
  7575 | D:8      | Found a faded altar of an unknown god.
  7607 | D:8      | Found a faded altar of an unknown god.
  7618 | D:8      | Reached skill level 11 in Staves
  7619 | D:8      | Found a glowing silver altar of Zin.
  7623 | D:8      | Found a white marble altar of Elyvilon.
  7760 | D:9      | Reached **** piety under Okawaru
  7791 | D:9      | Reached XP level 11. HP: 44/64 MP: 14/16
  8036 | D:9      | Reached ***** piety under Okawaru
  8110 | D:9      | Found an ornate altar of the Wu Jian Council.
  8194 | D:9      | Noticed a two-headed ogre
  8203 | D:9      | Killed a two-headed ogre
  8248 | D:10     | Entered Level 10 of the Dungeon
  8331 | D:10     | Noticed a two-headed ogre
  8346 | D:10     | Killed a two-headed ogre
  8554 | D:10     | Found a staircase to the Lair.
  8606 | D:10     | Received a gift from Okawaru
  8613 | D:10     | Identified a +0 pair of boots of running (Okawaru gifted it to you on level 10 of the Dungeon)
  9207 | D:11     | Reached skill level 12 in Staves
  9388 | D:11     | Noticed a manticore
  9406 | D:11     | Killed a manticore
  9631 | D:11     | Reached skill level 5 in Dodging
  9632 | D:11     | Killed from afar by a molten gargoyle

Vault maps used:
D:1:      dpeg_arrival_lava_altar
D:2:      minmay_hedge_maze, lemuel_old_faithful, uniq_terence
D:3:      first_bread, nicolae_qazlal_eye_of_the_storm, uniq_jessica,
          uniq_crazy_yiuf_cottage
D:4:      minitemple, serial_shops, nicolae_shop_waterfront, uniq_pikel
D:5:      nicolae_overflow_hidden_temple, minmay_temple_entry_large_hall,
          grunt_dithmenos_smoke, uniq_sigmund, uniq_menkaure
D:6:      grunt_gozag_statues
D:7:      basic_altar, the_bakery
D:8:      minmay_klotski, chequers_temple_overflow_minitemple,
          overflow_temple_1_default, serial_shops, kennysheep_mini, uniq_grum
D:9:      lemuel_round_altar, feat_on_display
D:10:     minmay_lair_entry_lava
D:11:     orc_david_3, minmay_misc_feat_hallway, minmay_liquid_box,
          hangedman_abyss_or_decor_jellyfish_corner, minivault_8
Temple:   minmay_temple_forest_path

Skill      XL: |  1  2  3  4  5  6  7  8  9 10 11 |
---------------+----------------------------------+-----
Dodging        | 1 3 4 5 |  5.0
Maces & Flails | 3 |  3.7
Shields        | 4 |  4.1
Fighting       | 4 6 7 |  7.2
Staves         | 1 6 9 10 11 12 | 12.1
Armour         | 5 6 7 |  7.7
Invocations    | 4 7 8 |  8.8

Action                   |  1- 3 |  4- 6 |  7- 9 | 10-12 || total
-------------------------+-------+-------+-------+-------++-------
Melee: Flail             |   175 |    82 |       |       ||   257
       Quarterstaff      |       |    76 |   302 |   501 ||   879
Invok: Heroism           |       |       |       |     1 ||     1
  Use: Scroll            |       |     6 |     4 |     1 ||    11
       Potion            |       |     1 |       |       ||     1
 Stab: Paralysed         |       |       |     5 |     5 ||    10
       Confused          |       |       |     2 |     3 ||     5
  Eat: Chunk             |     1 |     4 |     8 |    11 ||    24
       Meat ration       |       |     1 |       |       ||     1
Armor: Scale mail        |   120 |    70 |   154 |   316 ||   660
Dodge: Dodged            |    63 |    60 |   144 |   239 ||   506
Block: Shield            |   129 |    19 |       |       ||   148
       Buckler           |       |     3 |       |       ||     3
